 Dungeon Crawl Stone Soup version 0.19.5 (webtiles) character file.

627 tof the Cudgeler (level 7, -6/55 HPs)
             Began as a Demonspawn Gladiator on Mar 7, 2017.
             Mangled by an orc warrior
             ... wielding a +0 dire flail
              (16 damage)
             ... on level 6 of the Dungeon.
             The game lasted 00:14:59 (5148 turns).

tof the Cudgeler (Demonspawn Gladiator)             Turns: 5148, Time: 00:15:00

Health: -6/55      AC: 11    Str: 16    XL:     7   Next: 23%
Magic:  7/7        EV: 13    Int:  9    God:
Gold:   219        SH:  0    Dex: 15    Spells: 0 memorised, 6 levels left

rFire  x . .     SeeInvis .     a - +0 flail
rCold  + . .     Gourm    .     k - +0 ring mail
rNeg   . . .     Faith    .     (no shield)
rPois  +         Spirit   .     c - +0 helmet
rElec  .         Reflect  .     y - +0 cloak
rCorr  .         Harm     .     A - +0 pair of gloves
MR     .....                    (no boots)
Stlth  +.........               (no amulet)
                                G - ring of ice
                                r - ring of poison resistance

@: no status effects
A: talons 1, icy blue scales 2
a: no special abilities


You were on level 6 of the Dungeon.
You were not hungry.

You visited 1 branch of the dungeon, and saw 6 of its levels.

You collected 219 gold pieces.

Inventory:

Hand Weapons
 a - a +0 flail (weapon)
 b - a +3 blowgun
Missiles
 d - 3 throwing nets
 j - 94 stones (quivered)
 v - 5 poisoned needles
 F - 20 sling bullets
Armour
 c - a +0 helmet (worn)
 k - a +0 ring mail (worn)
 y - a +0 cloak (worn)
 A - a +0 pair of gloves (worn)
Jewellery
 r - a ring of poison resistance (left hand)
 G - a ring of ice (right hand)
Wands
 B - a wand of polymorph (12/24)
Scrolls
 g - a scroll of random uselessness {unknown}
 i - a scroll of enchant weapon {unknown}
 l - a scroll of teleportation {unknown}
 m - a scroll of recharging {unknown}
 n - 6 scrolls of identify {unknown}
 o - 2 scrolls of fog {unknown}
 p - 2 scrolls of blinking {unknown}
 t - a scroll of amnesia {unknown}
 u - 7 scrolls of remove curse {unknown}
Potions
 e - a potion of curing
 q - 3 potions of agility
 s - a potion of flight
 x - 3 potions of heal wounds
 z - 2 potions of lignification
 D - a potion of might
Books
 E - a book of Geomancy

   Spells                             Type                      Level
   a - Sandblast                      Earth                        1
   b - Passwall                       Transmutation/Earth          2
   c - Stone Arrow                    Conjuration/Earth            3
   d - Petrify                        Transmutation/Earth          4
   e - Lee's Rapid Deconstruction     Earth                        5
Comestibles
 f - 4 bread rations
 h - 4 beef jerkies
 w - a slice of pizza
 C - a meat ration


   Skills:
 * Level 4.3 Fighting
 * Level 4.7 Maces & Flails
 + Level 3.1 Throwing
 + Level 2.3 Armour
 + Level 3.9 Dodging


You had 6 spell levels left.
You didn't know any spells.

Dungeon Overview and Level Annotations

Branches:
Dungeon (6/15)
 Temple: D:4-7

Altars:
Trog
Uskayaw

Annotations:
D:5 Prince Ribbit


Innate Abilities, Weirdness & Mutations

You have sharp toenails.
You are mostly covered in icy blue scales. (AC +3)


Message History

The orc warrior barely misses you. The iguana bites you.
The orc hits you but does no damage.
You hit the iguana. Your kick misses the iguana.
The iguana is moderately wounded.
The orc warrior hits you with a dire flail!
The iguana closely misses you. The orc closely misses you.
You hit the iguana but do no damage. You claw the iguana, but do no damage.
The iguana is moderately wounded.
The iguana closely misses you. The orc hits you but does no damage.
You barely miss the iguana. You claw the iguana.
The iguana is moderately wounded.
The orc warrior hits you with a dire flail.
* * * LOW HITPOINT WARNING * * *
The iguana bites you.
* * * LOW HITPOINT WARNING * * *
The orc completely misses you. The orc misses you.
The iguana bites you but does no damage.
You see here a scroll labeled WENWAVEXKUCW.
The orc warrior hits you with a dire flail!
You die...

... ... #..
#.######
#......##
#..##...###
###..#.......
#.<@o.l......
#.##oo.###.##
... #..#.!.#
#### #..#####
#..# #..#
$... #..#


You could see an orc warrior, an iguana and 2 orcs.

Vanquished Creatures
  The ghost of equalderp2856 the Scratcher, an amateur FeFi (D:4)
  A centaur (D:5)
  A scorpion (D:5)
  A howler monkey (D:5)
  2 crimson imps (D:5)
  A hound (D:4)
  An orc wizard (D:3)
  An iguana (D:4)
  A worker ant (D:5)
  A hound zombie (D:5)
  A hound skeleton (D:4)
  7 adders
  An adder skeleton (D:5)
  2 worms
  2 leopard geckos
  6 orcs (D:3)
  A ball python (D:3)
  5 bats
  5 giant cockroaches
  6 goblins
  7 hobgoblins
  5 jackals
  14 kobolds
  A quokka (D:3)
  8 frilled lizards
  A leopard gecko skeleton (D:4)
  13 rats
96 creatures vanquished.

Notes
Turn   | Place    | Note
-------+----------+-------------------------------------------
     0 | D:1      | tof the Demonspawn Gladiator began the quest for the Orb.
     0 | D:1      | Reached XP level 1. HP: 16/16 MP: 1/1
    81 | D:1      | Gained mutation: You are partially covered in icy blue scales. (AC +2) [demonic ancestry]
    81 | D:1      | Reached XP level 2. HP: 11/22 MP: 2/2
   651 | D:1      | Reached XP level 3. HP: 28/28 MP: 3/3
  1525 | D:2      | Reached XP level 4. HP: 35/35 MP: 4/4
  1946 | D:3      | Reached skill level 1 in Armour
  2459 | D:3      | Reached XP level 5. HP: 41/41 MP: 5/5
  2995 | D:3      | Found a bloodstained altar of Trog.
  3458 | D:4      | Noticed equalderp2856's ghost (amateur FeFi)
  4036 | D:4      | Killed equalderp2856's ghost
  4036 | D:4      | Gained mutation: You are mostly covered in icy blue scales. (AC +3) [demonic ancestry]
  4036 | D:4      | Reached XP level 6. HP: 14/48 MP: 6/6
  4476 | D:5      | Entered Level 5 of the Dungeon
  4797 | D:5      | Found a hide-covered altar of Uskayaw.
  4858 | D:5      | Gained mutation: You have sharp toenails. [demonic ancestry]
  4858 | D:5      | Reached XP level 7. HP: 27/54 MP: 7/7
  5131 | D:5      | Noticed Prince Ribbit
  5148 | D:6      | Mangled by an orc warrior

Skill      XL: |  1  2  3  4  5  6 |
---------------+-------------------+-----
Throwing       | 2 3 |  3.1
Dodging        | 3 |  3.9
Maces & Flails | 3 4 |  4.7
Fighting       | 3 4 |  4.3
Armour         | 1 2 |  2.3

Action                   |  1- 3 |  4- 6 |  7- 9 || total
-------------------------+-------+-------+-------++-------
Melee: Flail             |   102 |   249 |    22 ||   373
       Kick              |       |       |    10 ||    10
 Fire: Blowgun           |       |    15 |       ||    15
Throw: Stone             |    10 |       |       ||    10
       Throwing net      |       |     3 |       ||     3
  Use: Potion            |     7 |     5 |       ||    12
  Eat: Chunk             |     2 |     7 |       ||     9
       Meat ration       |       |     1 |       ||     1
Armor: Leather armour    |    14 |       |       ||    14
       Ring mail         |    62 |    84 |    13 ||   159
Dodge: Dodged            |   103 |   169 |    22 ||   294
